 Dungeon Crawl Stone Soup version 0.29.1-1-gd02db6906a (webtiles) character file.

Game seed: 17542148247330519474

666 Earthwalker the Cutter (level 7, -1/67 HPs)
             Began as a Troll Fighter on Oct 4, 2022.
             Was a Believer of Dithmenos.
             Slain by a gnoll
             ... wielding a +0 whip
             ... led by a gnoll bouda
              (4 damage)
             ... on level 5 of the Dungeon.
             The game lasted 00:29:18 (3701 turns).

Earthwalker the Cutter (Troll Fighter)              Turns: 3701, Time: 00:29:18

Health: -1/67      AC:  4    Str: 25    XL:     7   Next: 31%
Magic:  6/6        EV:  1    Int:  4    God:    Dithmenos [**....]
Gold:   232        SH:  0    Dex: -5 (11) Spells: 6/6 levels left

rFire   + . .      SeeInvis .   a - +0 rapier (spect)
rCold   + . .      Faith    .   c - +1 kite shield
rNeg    . . .      Spirit   .   b - +0 robe
rPois   .          Reflect  .   (helmet restricted)
rElec   .          Harm     .   r - scarf {rC+ rF+}
rCorr   +          Rampage  .   (gloves unavailable)
Will    .....                   (boots unavailable)
Stlth   ..........              (no amulet)
HPRegen 1.01/turn               g - ring of resist corrosion
MPRegen 0.10/turn               k - +4 ring of evasion

@: about to teleport, slowed, lost dexterity, wreathed by umbra, very slow
A: large, unfitting armour, claws 3, regeneration 1, shaggy fur 1, tough skin 1
a: Renounce Religion, Shadow Step


You were on level 5 of the Dungeon.
You worshipped Dithmenos.
Dithmenos was pleased with you.
You visited 1 branch of the dungeon, and saw 5 of its levels.

You collected 232 gold pieces.

Inventory:

Hand Weapons
 a - a +0 spectral rapier (weapon)
Armour
 b - a +0 robe (worn)
 c - a +1 kite shield (worn)
 r - a scarf of resistance (worn)
Jewellery
 e - a +6 ring of strength
 f - a ring of poison resistance
 g - a ring of resist corrosion (left claw)
 k - a +4 ring of evasion (right claw)
Wands
 l - a wand of digging (4)
 n - a wand of mindburst (10)
 o - a wand of roots (8)
Scrolls
 i - a scroll of teleportation
 j - a scroll of silence
Potions
 d - a potion of might
 h - 3 potions of heal wounds
 m - a potion of cancellation
 q - 2 potions of curing


   Skills:
 + Level 3.5 Fighting
 + Level 4.5 Short Blades
 + Level 4.0 Dodging
 + Level 0.3 Stealth
 + Level 4.1 Shields


You had 6 spell levels left.
You didn't know any spells.
Your spell library contained the following spells:

 Spells                   Type           Power      Damage    Failure   Level
 Necrotise                Necr           0%         1d4       78%         1
 Sublimation of Blood     Necr           0%         N/A       89%         2
 Anguish                  Hex/Necr       0%         N/A       100%        4
 Animate Dead             Necr           0%         N/A       100%        4


Dungeon Overview and Level Annotations

Branches:
Dungeon (5/15)             Temple (0/1) D:5

Altars:
Dithmenos
Kikubaaqudgha
Zin

Annotations:
D:5 Eustachio


Innate Abilities, Weirdness & Mutations

You are too large for most types of armour.
You have claws for hands.
Your natural rate of healing is unusually fast.
You are covered in fur. (AC +1)
You have tough skin. (AC +1)


Message History

Unknown command.
You feel much better. The bat hits you. The bat hits you but does no damage.
Eustachio mumbles some strange words.
Eustachio blinks!
The quasit bites you but does no damage.
The quasit claws you.
The quasit claws you but does no damage.
The gnoll hits you from afar with a +0 halberd.
The bat hits you. The gnoll hits you with a +0 whip.
The iron imp hits you but does no damage.
Eustachio screams, "At last I'll have my revenge!"
Unknown command.
As you read the scroll of teleportation, it crumbles to dust.
You feel strangely unstable.
Your attacks no longer feel as feeble.
The bat hits you but does no damage.
The quasit bites you but does no damage.
The quasit claws you but does no damage. x2
The gnoll hits you from afar with a +0 halberd!
* * * LOW HITPOINT WARNING * * *
The quasit completely misses you.
The quasit claws you but does no damage. x2
The gnoll hits you with a +0 whip.
* * * LOW HITPOINT WARNING * * *
The bat hits you but does no damage. The quokka bites you.
* * * LOW HITPOINT WARNING * * *
The iron imp hits you but does no damage.
Unknown command.
The iron imp attacks as you move away! The iron imp hits you.
* * * LOW HITPOINT WARNING * * *
The gnoll is no longer moving quickly. x2; The bat hits you but does no damage. x2
The gnoll hits you with a +0 whip!
* * * LOW HITPOINT WARNING * * *
Eustachio asks, "How can you live without manners, virtues and honour?"
The quasit bites you.
* * * LOW HITPOINT WARNING * * *
The quasit claws you but does no damage. x2
The iron imp laughs crazily.
The bat hits you but does no damage. The gnoll hits you with a +0 whip.
You die...

..♣.♣ .###.### #..# #.# ...>.
............P...# #.# ..♣.♣.
#.##.. .####.≈≈.# #.#
......##.##.# .# #.≈≈P# #.#
#...#.##.##.# #....####.#
#.#.....h##.####.#..##...#
#.....gg5r#.#.<.....##.####
#.###5##r5b.....##...<.)..#
#.###...@g@~.~~♣##.######.#
.........g..~~~~≈~...........
#.#.#######.♣~~~~.#..########
######.♣~~≈~P#..########
.........................
#######.##........#######
#...........>..#
#.##.#.######..#
.###########.##.#.######..#


You could see Eustachio, a gnoll bouda, a hound, 2 iron imps, a quasit
(summoned), 3 gnolls, a river rat (summoned), a quokka (summoned) and a bat
(summoned).

Vanquished Creatures
  Duvessa (D:4)
  An ogre (D:3)
  A kobold brigand (D:4)
  A scorpion (D:4)
  Dowan (D:4)
  2 hounds
  A quasit (D:5)
  An orc priest (D:3)
  2 iguanas
  6 adders
  A shadow imp (D:5)
  4 white imps (D:5)
  2 ufetubi (D:5)
  A worm (D:2)
  A dart slug (D:3)
  5 orcs
  4 bats
  4 endoplasms
  8 giant cockroaches
  8 goblins
  6 hobgoblins
  A quokka (D:1)
  7 ball pythons
  6 frilled lizards
  5 kobolds
  A rat (D:3)
81 creatures vanquished.

Vanquished Creatures (others)
  4 demonic plants (D:5)
  5 plants (D:1)
9 creatures vanquished.

Grand Total: 90 creatures vanquished

Notes
Turn   | Place    | Note
-------+----------+-------------------------------------------
     0 | D:1      | Earthwalker the Troll Fighter began the quest for the Orb.
     0 | D:1      | Reached XP level 1. HP: 22/22 MP: 0/0
   128 | D:1      | Reached XP level 2. HP: 29/29 MP: 1/1
   410 | D:1      | Found a faded altar of an unknown god.
   429 | D:1      | Prayed at the altar of an unknown god.
   429 | D:1      | Became a worshipper of Kikubaaqudgha
   429 | D:1      | Reached * piety under Kikubaaqudgha
   429 | D:1      | Received a gift from Kikubaaqudgha
   888 | D:2      | Reached XP level 3. HP: 32/36 MP: 2/2
   922 | D:2      | Found a shadowy altar of Dithmenos.
   934 | D:2      | Fell from the grace of Kikubaaqudgha
   934 | D:2      | Became a worshipper of Dithmenos the Shadowed
  1723 | D:3      | Reached XP level 4. HP: 44/44 MP: 3/3
  1855 | D:3      | Reached * piety under Dithmenos
  2008 | D:3      | Identified the +8 ring mail of Going Fast {rPois rC++}
  2278 | D:4      | Noticed an ogre
  2329 | D:4      | Noticed Duvessa
  2329 | D:4      | Noticed Dowan
  2380 | D:4      | Noticed a kobold brigand
  2388 | D:4      | Killed a kobold brigand
  2389 | D:4      | Reached XP level 5. HP: 26/53 MP: 4/4
  2496 | D:3      | Killed an ogre
  2497 | D:3      | Reached XP level 6. HP: 40/61 MP: 5/5
  2599 | D:4      | Found a glowing silver altar of Zin.
  2806 | D:4      | Killed Duvessa
  2853 | D:4      | Killed Dowan
  2920 | D:4      | Reached XP level 7. HP: 67/67 MP: 6/6
  3230 | D:5      | Entered Level 5 of the Dungeon
  3379 | D:5      | Lost dexterity.
  3391 | D:5      | Reached ** piety under Dithmenos
  3631 | D:5      | HP: 1/67 [ufetubus (3)]
  3685 | D:5      | Found a staircase to the Ecumenical Temple.
  3688 | D:5      | Noticed Eustachio
  3701 | D:5      | HP: 3/67 [quasit[Eustachio] (1)]
  3701 | D:5      | Slain by a gnoll

Illustrated notes

Levels and vault maps discovered:
D:1:      minmay_arrival_glassed_features, layout_loops_cross,
          ebering_ecumenical_altar_box, serial_forest,
          infiniplex_forest_clump_tiny, infiniplex_forest_lined_room_2,
          infiniplex_forest_clump_large, infiniplex_forest_lined_corner,
          infiniplex_forest_clump_curved, infiniplex_forest_lined_room_3,
          infiniplex_forest_fountain
D:2:      layout_loops_corners, basic_altar, corexii_hall_statues_s, st_stairs_4
D:3:      layout_loops_ring
D:4:      layout_cave_pods, mainiacjoe_overflow_alcove_2,
          roderic_cross_of_infinity, uniq_duvessa
D:5:      layout_basic, grunt_temple_overflow_diamond,
          minmay_temple_entry_trees, serial_demonic, serial_demonic_e,
          serial_demonic_e, serial_demonic_f, serial_demonic_g,
          serial_demonic_f, serial_demonic_e, serial_demonic_g,
          serial_demonic_c, enter_ossuary_1, grunt_decor_cap, uniq_eustachio,
          uniq_grinder, uniq_pikel

Skill      XL: |  1  2  3  4  5  6  7 |
---------------+----------------------+-----
Shields        | 3 4 |  4.1
Short Blades   | 2 3 4 |  4.5
Dodging        | 3 4 |  4.0
Fighting       | 3 |  3.5
Stealth        | |  0.3

Action                   |  1- 3 |  4- 6 |  7- 9 || total
-------------------------+-------+-------+-------++-------
Melee: Rapier            |   126 |   111 |   148 ||   385
  Use: Scroll            |     1 |     6 |     2 ||     9
       Potion            |       |       |     3 ||     3
 Stab: Distracted        |       |       |     1 ||     1
Armor: Robe              |    64 |    10 |   145 ||   219
Dodge: Dodged            |    49 |    57 |   129 ||   235
Block: Kite shield       |    39 |    47 |    66 ||   152
